 Dungeon Crawl Stone Soup version 0.29.1-debian-4-g95531337e3 (webtiles) character file.

Game seed: 5837617434180651977

3098 Malachi the Magician (level 9, 0/67 HPs)
             Began as a Gnoll Air Elementalist on Sept 12, 2022.
             Was a Follower of Kikubaaqudgha.
             Slain by a sky beast (6 damage)
             ... on level 7 of the Dungeon.
             The game lasted 00:11:46 (9568 turns).

Malachi the Magician (Gnoll Air Elementalist)       Turns: 9568, Time: 00:11:46

Health: 0/67       AC:  4    Str:  7    XL:     9   Next: 90%
Magic:  11/19      EV: 14    Int: 19    God:    Kikubaaqudgha [*.....]
Gold:   372        SH:  0    Dex: 13    Spells: 12/22 levels left

rFire   . . .      SeeInvis .   t - +4 quarterstaff (chaos)
rCold   . . .      Faith    .   (shield currently unavailable)
rNeg    . . .      Spirit   .   a - +0 robe
rPois   +          Reflect  .   (no helmet)
rElec   .          Harm     .   s - +1 cloak {rPois}
rCorr   .          Rampage  .   (no gloves)
Will    .....                   (no boots)
Stlth   +++.......              (no amulet)
HPRegen 0.21/turn               (no ring)
MPRegen 0.16/turn               (no ring)

@: flying, hasted, very quick
A: fangs 1, strong nose, distributed training
a: Renounce Religion, Unearth Wretches


You were on level 7 of the Dungeon.
You worshipped Kikubaaqudgha.
Kikubaaqudgha was aware of your devotion.
You visited 2 branches of the dungeon, and saw 8 of its levels.

You collected 372 gold pieces.

Inventory:

Hand Weapons
 e - a +1 whip of electrocution
 t - a +4 quarterstaff of chaos (weapon)
 x - a +0 scimitar of freezing
Missiles
 m - 12 poisoned darts
Armour
 a - a +0 robe (worn)
 s - a +1 cloak of poison resistance (worn)
 w - a +0 pair of boots
Magical Staves
 r - a staff of poison
Wands
 l - a wand of digging (6)
 v - a wand of flame (23)
 A - a wand of quicksilver (1)
Scrolls
 b - a scroll of identify
 c - a scroll of teleportation
 d - 3 scrolls of fear
 g - a scroll of torment
 i - 3 scrolls of fog
 n - a scroll of vulnerability
 u - a scroll of immolation
Potions
 f - a potion of haste
 h - a potion of flight
 j - a potion of mutation {unknown}
 k - a potion of invisibility {unknown}
 o - a potion of attraction {unknown}
 p - 3 potions of curing
 q - a potion of berserk rage {unknown}
 z - 2 potions of heal wounds {unknown}
 B - a potion of might {unknown}


   Skills:
 + Level 4.9 Fighting
 + Level 4.9 Short Blades
 + Level 4.9 Long Blades
 + Level 4.9 Axes
 + Level 4.9 Maces & Flails
 + Level 4.9 Polearms
 + Level 4.9 Staves
 + Level 4.9 Ranged Weapons
 + Level 4.9 Throwing
 + Level 4.9 Armour
 + Level 6.7 Dodging
 + Level 6.5 Stealth
 + Level 4.9 Shields
 + Level 4.9 Unarmed Combat
 + Level 7.1 Spellcasting
 + Level 4.6 Conjurations
 + Level 4.0 Hexes
 + Level 4.0 Summonings
 + Level 4.0 Necromancy
 + Level 4.0 Translocations
 + Level 4.0 Transmutations
 + Level 4.0 Fire Magic
 + Level 4.0 Ice Magic
 + Level 6.9 Air Magic
 + Level 4.0 Earth Magic
 + Level 4.0 Poison Magic
 + Level 5.3 Invocations
 + Level 4.9 Evocations


You had 12 spell levels left.
You knew the following spells:

 Your Spells              Type           Power      Damage    Failure   Level
a - Shock                 Conj/Air       100%       1d9       1%          1
b - Static Discharge      Conj/Air       56%        3-7/arc   1%          2
c - Swiftness             Air            32%        N/A       1%          3
d - Airstrike             Air            16%        2d(3-19)  6%          4

Your spell library contained the following spells:

 Spells                   Type           Power      Damage    Failure   Level
 Necrotise                Necr           88%        1d8       1%          1
 Cigotuvi's Dreadful Rot  Necr/Pois/Air  50%        N/A       1%          2
 Sublimation of Blood     Necr           22%        N/A       3%          2
 Vampiric Draining        Necr           22%        2d7       6%          3


Dungeon Overview and Level Annotations

Branches:
Dungeon (7/15)             Temple (1/1) D:4

Altars:
Ashenzari
Cheibriados
Dithmenos
Elyvilon
Gozag
Kikubaaqudgha
Makhleb
Okawaru
Qazlal
Sif Muna
Trog
Uskayaw
Vehumet
Wu Jian
Xom
Zin
The Shining One

Annotations:
D:4 2 transporters, Decritt's ghost, amateur MiGl


Innate Abilities, Weirdness & Mutations

You have very sharp teeth.
Your uncanny sense of smell can sniff out nearby items.
Your experience applies equally to all skills.


Message History

Something hits you.
Unknown command.
Casting: Static Discharge (safe; 1% risk of failure)
Confirm with . or Enter, or press ? or * to list all spells.
You can't see any susceptible monsters within range! (Use Z to cast anyway.) Unknown command.
Unknown command.
Something hits you. Something hits you but does no damage.
Something barely misses you. Something hits you.
Okay, then.
You hit something.
You feel better. Something hits you!
A sky beast appears from thin air!
Reactivating autopickup.
Something hits you!
Deactivating autopickup; reactivate with Ctrl-A.
Something barely misses you. The sky beast completely misses you.
You sock the sky beast! You burn the sky beast.
The sky beast is heavily wounded.
Something hits you but does no damage. The sky beast misses you.
You closely miss the sky beast. Your bite misses the sky beast.
The sky beast is heavily wounded.
Something barely misses you. Something hits you!
* * * LOW HITPOINT WARNING * * *
The sky beast hits you.
* * * LOW HITPOINT WARNING * * *
The sky beast shocks you.
* * * LOW HITPOINT WARNING * * *
It was a potion of haste.
You feel yourself speed up. Something hits you!
* * * LOW HITPOINT WARNING * * *
The sky beast barely misses you.
It was a potion of flight.
You feel very buoyant.
You fly up into the air.
It was a potion of curing.
You feel better.
The sky beast flickers out of sight!
Something hits you.
* * * LOW HITPOINT WARNING * * *
Something shocks you.
You die...
Kikubaaqudgha rasps: "You have failed me!
Welcome... death!"

#######
##########.....#
#.........#####.#
#.#..{.@{## ∆
#...####.).....#
#).## ∆###..)..#
#..#∆∆ ..)!.#
#..#∆∆∆∆ [$.##
#..##∆ ####
#...#### ∆
#......# ∆ #..#
##.##..# ∆ ...


There were no monsters in sight!

Vanquished Creatures
  A two-headed ogre (D:6)
  Pikel (D:5)
  Edmund (D:4)
  2 water moccasins
  A sky beast (D:6)
  2 ice beasts (D:6)
  2 orc warriors
  A black bear (D:6)
  An ogre (D:6)
  Blork the orc (D:5)
  A kobold brigand (D:6)
  4 necrophages
  A howler monkey (D:6)
  2 orc priests
  2 hounds
  4 jellies
  Crazy Yiuf (D:5)
  A gnoll bouda (D:4)
  4 iguanas
  3 orc wizards
  9 adders
  3 gnolls (D:4)
  A shadow imp (D:7)
  2 white imps (D:6)
  2 ufetubi
  3 worms
  A dart slug (D:1)
  23 orcs
  7 endoplasms
  3 giant cockroaches
  3 goblins
  3 hobgoblins (D:1)
  6 jackals (D:2)
  3 quokkas
  9 ball pythons
  5 bats
  2 frilled lizards
  5 kobolds
  8 rats
134 creatures vanquished.

Vanquished Creatures (others)
  6 fungi (D:2)
  25 plants
31 creatures vanquished.

Grand Total: 165 creatures vanquished

Notes
Turn   | Place    | Note
-------+----------+-------------------------------------------
     0 | D:1      | Malachi the Gnoll Air Elementalist began the quest for the
                  | Orb.
     0 | D:1      | Reached XP level 1. HP: 13/13 MP: 6/6
   263 | D:1      | Reached XP level 2. HP: 19/19 MP: 4/7
   266 | D:1      | Learned a level 2 spell: Static Discharge
   971 | D:2      | You fall into a shaft and drop 1 floor!
   990 | D:3      | Reached skill level 5 in Spellcasting
   990 | D:3      | Reached XP level 3. HP: 25/25 MP: 2/9
  1185 | D:2      | Reached skill level 1 in Invocations
  1451 | D:2      | Reached skill level 1 in Fighting
  1451 | D:2      | Reached skill level 1 in Short Blades
  1451 | D:2      | Reached skill level 1 in Long Blades
  1451 | D:2      | Reached skill level 1 in Axes
  1451 | D:2      | Reached skill level 1 in Maces & Flails
  1451 | D:2      | Reached skill level 1 in Polearms
  1451 | D:2      | Reached skill level 1 in Staves
  1451 | D:2      | Reached skill level 1 in Ranged Weapons
  1451 | D:2      | Reached skill level 1 in Throwing
  1451 | D:2      | Reached skill level 1 in Armour
  1451 | D:2      | Reached skill level 1 in Shields
  1451 | D:2      | Reached skill level 1 in Unarmed Combat
  1451 | D:2      | Reached skill level 1 in Evocations
  1771 | D:2      | Reached XP level 4. HP: 32/32 MP: 9/11
  1831 | D:2      | Found a faded altar of an unknown god.
  2028 | D:2      | Reached skill level 1 in Hexes
  2028 | D:2      | Reached skill level 1 in Summonings
  2028 | D:2      | Reached skill level 1 in Necromancy
  2028 | D:2      | Reached skill level 1 in Translocations
  2028 | D:2      | Reached skill level 1 in Transmutations
  2028 | D:2      | Reached skill level 1 in Fire Magic
  2028 | D:2      | Reached skill level 1 in Ice Magic
  2028 | D:2      | Reached skill level 1 in Earth Magic
  2028 | D:2      | Reached skill level 1 in Poison Magic
  2431 | D:2      | Learned a level 3 spell: Swiftness
  3455 | D:4      | Noticed a necrophage
  3461 | D:4      | Killed a necrophage
  3462 | D:4      | Reached XP level 5. HP: 13/37 MP: 1/12
  3749 | D:4      | Found a transporter.
  3752 | D:4      | Noticed Decritt's ghost (amateur MiGl)
  3753 | D:4      | Identified the +6 great mace of Currency {venom, Contam
                  | rPois Int+2 Dex+7}
  3753 | D:4      | Noticed an ogre
  3756 | D:4      | Noticed an ogre
  3843 | D:4      | Reached XP level 6. HP: 30/44 MP: 4/14
  4218 | D:4      | Reached skill level 5 in Dodging
  4386 | D:5      | Entered Level 5 of the Dungeon
  4688 | D:4      | Found a staircase to the Ecumenical Temple.
  4735 | Temple   | Entered the Ecumenical Temple
  4829 | Temple   | Became a worshipper of Kikubaaqudgha
  4999 | D:4      | Noticed Edmund
  5015 | D:4      | Killed Edmund
  5016 | D:4      | Reached XP level 7. HP: 14/51 MP: 11/15
  5332 | D:4      | Found a transporter.
  5874 | D:5      | Noticed Blork the orc
  5884 | D:5      | Killed Blork the orc
  5886 | D:5      | Reached skill level 5 in Stealth
  6055 | D:5      | Noticed Pikel
  6062 | D:5      | Killed Pikel
  6063 | D:5      | Reached skill level 6 in Spellcasting
  6063 | D:5      | Reached XP level 8. HP: 37/58 MP: 6/17
  6360 | D:5      | Found a runed translucent door.
  6361 | D:5      | Noticed Crazy Yiuf
  6807 | D:5      | Killed Crazy Yiuf
  7101 | D:5      | Learned a level 4 spell: Airstrike
  7401 | D:6      | Found a glowing golden altar of the Shining One.
  7401 | D:6      | Found a shimmering blue altar of Sif Muna.
  7409 | D:6      | Found a snail-covered altar of Cheibriados.
  7411 | D:6      | Found a broken altar of Ashenzari.
  7413 | D:6      | Found a burning altar of Makhleb.
  7739 | D:6      | Reached XP level 9. HP: 58/65 MP: 12/18
  7825 | D:6      | Reached * piety under Kikubaaqudgha
  7825 | D:6      | Received a gift from Kikubaaqudgha
  7997 | D:6      | Noticed a two-headed ogre
  8379 | D:6      | Killed a two-headed ogre
  8380 | D:6      | Reached skill level 5 in Invocations
  8978 | D:6      | Identified the +4 ring mail of Fedhas's Castigation {rPois
                  | Will+ rCorr Stlth+}
  9001 | D:6      | Reached skill level 7 in Spellcasting
  9566 | D:7      | HP: 1/67 [something (9)]
  9568 | D:7      | Slain by a sky beast

Illustrated notes

Levels and vault maps discovered:
D:1:      roderic_crop_circles_arrival_large, layout_loops_cross
D:2:      minmay_evil_eye, layout_loops_ring,
          shapermc_ecumenical_altar_mp_urbaneastern, kennysheep_minor_cross
D:3:      layout_basic
D:4:      layout_loops_ring, minmay_temple_entry_trees, gammafunk_ghost_smash,
          uniq_edmund
D:5:      dreamdust_elfheim, layout_basic, grunt_ministairs_4, uniq_pikel,
          uniq_blork_the_orc, uniq_crazy_yiuf_cottage
D:6:      minmay_octagon_keep, layout_cave_pods,
          chequers_temple_overflow_minitemple
D:7:      layout_loops_ring, nicolae_overflow_hidden_temple,
          minmay_joined_circles
Temple:   nicolae_temple_godzebo

Skill      XL: |  1  2  3  4  5  6  7  8  9 |
---------------+----------------------------+-----
Conjurations   | 2 3 4 |  4.6
Spellcasting   | 5 6 7 |  7.1
Invocations    | 1 2 3 4 5 |  5.3
Fighting       | 1 2 3 4 |  4.9
Short Blades   | 1 2 3 4 |  4.9
Long Blades    | 1 2 3 4 |  4.9
Axes           | 1 2 3 4 |  4.9
Maces & Flails | 1 2 3 4 |  4.9
Polearms       | 1 2 3 4 |  4.9
Staves         | 1 2 3 4 |  4.9
Ranged Weapons | 1 2 3 4 |  4.9
Throwing       | 1 2 3 4 |  4.9
Armour         | 1 2 3 4 |  4.9
Shields        | 1 2 3 4 |  4.9
Unarmed Combat | 1 2 3 4 |  4.9
Evocations     | 1 2 3 4 |  4.9
Hexes          | 1 2 3 4 |  4.0
Summonings     | 1 2 3 4 |  4.0
Necromancy     | 1 2 3 4 |  4.0
Translocations | 1 2 3 4 |  4.0
Transmutations | 1 2 3 4 |  4.0
Fire Magic     | 1 2 3 4 |  4.0
Ice Magic      | 1 2 3 4 |  4.0
Earth Magic    | 1 2 3 4 |  4.0
Poison Magic   | 1 2 3 4 |  4.0
Dodging        | 5 6 |  6.7
Stealth        | 5 6 |  6.5
Air Magic      | 6 |  6.9

Action                   |  1- 3 |  4- 6 |  7- 9 || total
-------------------------+-------+-------+-------++-------
Melee: Unarmed           |     4 |       |       ||     4
       Bite              |     1 |       |     2 ||     3
       Staff             |       |       |     2 ||     2
       Quarterstaff      |       |       |    14 ||    14
 Cast: Shock             |    56 |   119 |   157 ||   332
       Static Discharge  |     1 |    25 |    24 ||    50
       Airstrike         |       |       |     1 ||     1
  Use: Scroll            |       |     4 |     8 ||    12
       Potion            |       |     1 |     3 ||     4
Armor: Robe              |       |     5 |    14 ||    19
Dodge: Dodged            |     7 |    27 |    55 ||    89
